 Dungeon Crawl Stone Soup version 0.28.0-43-g3370ac3207 (webtiles) character file.

Game seed: 11887328603836246262

76 terff the Skirmisher (level 4, 0/35 HPs)
             Began as a Human Fighter on Mar 30, 2022.
             Killed by divine providence
             ... invoked by an orc priest
              (16 damage)
             ... on level 3 of the Dungeon.
             The game lasted 00:02:05 (2487 turns).

terff the Skirmisher (Human Fighter)                Turns: 2487, Time: 00:02:06

Health: 0/35       AC:  6    Str: 16    XL:     4   Next: 57%
Magic:  4/4        EV:  9    Int:  8    God:
Gold:   42         SH:  6    Dex: 15    Spells: 3/3 levels left

rFire   . . .      SeeInvis .   a - +1 flail
rCold   . . .      Faith    .   c - +1 buckler
rNeg    . . .      Spirit   .   b - +0 scale mail
rPois   .          Reflect  .   (no helmet)
rElec   .          Harm     .   (no cloak)
rCorr   .          Rampage  .   (no gloves)
Will    .....                   (no boots)
Stlth   ..........              (no amulet)
HPRegen 0.11/turn               (no ring)
MPRegen 0.09/turn               (no ring)

@: no status effects
A: no striking features
a: no special abilities


You were on level 3 of the Dungeon.
You visited 1 branch of the dungeon, and saw 3 of its levels.

You collected 42 gold pieces.

Inventory:

Hand Weapons
 a - a +1 flail (weapon)
Armour
 b - a +0 scale mail (worn)
 c - a +1 buckler (worn)
Scrolls
 g - a scroll of noise {unknown}
Potions
 d - a potion of might
 e - a potion of resistance {unknown}
 f - a potion of ambrosia {unknown}


   Skills:
 * Level 3.5 Fighting
 + Level 3.2 Maces & Flails
 + Level 3.4 Armour
 + Level 0.5 Dodging
 + Level 3.3 Shields


You had 3 spell levels left.
You didn't know any spells.
Your spell library was empty.

Dungeon Overview and Level Annotations

Branches:
Dungeon (3/15)

Altars:


Message History

There is an open door here.
Found a dagger.
You open the door.
There is an open door here.
You now have 42 gold pieces (gained 2).
You open the door.
An orc priest and 2 orcs come into view.
The orc shouts!
The orc priest shouts!
The orc shouts!
You hear a shout!
An orc comes into view. It is wielding a +0 trident.
The orc closely misses you.
There is an open door here.
You barely miss the orc. The orc completely misses you.
An orc comes into view. It is wielding a +0 falchion.
The orc barely misses you.
You hit the orc but do no damage. You block the orc's attack. x2
The orc priest closely misses you. The orc barely misses you.
You hit the orc.
The orc is moderately wounded.
The orc hits you from afar with a +0 trident!
The orc priest closely misses you. You block the orc's attack. x2
The orc priest completely misses you. The orc completely misses you.
You hit the orc but do no damage.
The orc is moderately wounded.
You block the orc's attack.
You hit the orc.
The orc is heavily wounded.
The orc hits you with a +0 short sword. x2
You closely miss the orc.
The orc is heavily wounded.
The orc hits you but does no damage.
The orc hits you from afar with a +0 trident!
You closely miss the orc.
The orc is heavily wounded.
You block the orc's attack. The orc barely misses you.
You barely miss the orc.
The orc is heavily wounded.
The orc closely misses you. The orc misses you. The orc barely misses you.
The orc priest calls down the wrath of Beogh upon you.
Beogh smites you!
You die...

## .# #. .# #.. .# #... .#
#)..#########
.###...........# #######
..##...........######o.....#
..# #.........'@..ooo.....+
..# #......>..######o......
..# #.........# ......# #.#
#.........# .....## #.#
#.........# o...## #.#
#.........# ...##
#.####.........# ..##
#....#####'##### .#. ####.#
#.#


You could see an orc priest and 4 orcs.

Vanquished Creatures
  A gnoll (D:1)
  3 adders (D:2)
  3 dart slugs
  An endoplasm (D:2)
  3 giant cockroaches
  6 hobgoblins
  5 kobolds
  A quokka (D:2)
  A ball python (D:2)
  4 bats
  2 frilled lizards
  4 rats
34 creatures vanquished.

Vanquished Creatures (others)
  A plant (D:1)
1 creature vanquished.

Grand Total: 35 creatures vanquished

Notes
Turn   | Place    | Note
-------+----------+-------------------------------------------
     0 | D:1      | terff the Human Fighter began the quest for the Orb.
     0 | D:1      | Reached XP level 1. HP: 18/18 MP: 1/1
    73 | D:1      | Reached XP level 2. HP: 20/24 MP: 2/2
   152 | D:1      | Reached XP level 3. HP: 14/29 MP: 3/3
  1543 | D:2      | Found a faded altar of an unknown god.
  1562 | D:2      | Reached XP level 4. HP: 35/35 MP: 4/4
  2487 | D:3      | Killed from afar by an orc priest

Illustrated notes

Levels and vault maps discovered:
D:1:      sevenhm_arrival_forest_fort_small_6, layout_basic, serial_aquarium,
          aquarium_bridge_square [aquarium_subvault_bridge,
          aquarium_subvault_bridge, aquarium_subvault_wall,
          aquarium_subvault_window], aquarium_window_2, aquarium_window_1,
          aquarium_window_1, aquarium_window_1, aquarium_view_2d,
          aquarium_pool_2, wad_floor_pattern_untrapped,
          hangedman_abyss_or_decor_lesser_grid, nicolae_grassy_gnolls
D:2:      layout_loops_ring, ebering_ecumenical_altar_rust
D:3:      layout_basic, serial_curves, eino_curves_04, eino_curves_02,
          ebering_ghost_sewer_f, wad_orctagon, uniq_sigmund, uniq_grinder,
          uniq_natasha

Skill      XL: |  1  2  3  4 |
---------------+-------------+-----
Maces & Flails | 3 |  3.2
Fighting       | |  3.5
Armour         | |  3.4
Dodging        | |  0.5
Shields        | |  3.3

Action                   |  1- 3 |  4- 6 || total
-------------------------+-------+-------++-------
Melee: Flail             |    60 |    67 ||   127
  Use: Scroll            |     2 |     1 ||     3
Armor: Scale mail        |    39 |    29 ||    68
Dodge: Dodged            |    39 |    37 ||    76
Block: Buckler           |    23 |    22 ||    45
